Map: [ESL] Oceanborn

Players

DisK

  • Race: Protoss Protoss
  • Spawn Location: 5:00

Scarlett - Winner!

  • Race: Zerg Zerg
  • Spawn Location: 11:00

Event: ESL SC2 Masters 2023 Winter (Regional)

VOD

Have the link to the VOD?

Description

Time

  • Played on: Nov. 1, 2023, 3:30 p.m.
  • Length: 12:34

All games in this series

Show
View Real Time Build Order
Export as new Build Order

DisK Protoss 

Build Orders: 1 Gate Expand, Oracle Opening 

Get SALT Encoding   

  12  0:00  Probe  
  13  0:12  Probe  
  14  0:19  Pylon  
  14  0:24  Probe  
  15  0:37  Gateway, Probe (Chrono Boost)  
  16  0:47  Assimilator, Probe (Chrono Boost)  
  17  0:52  Probe (Chrono Boost)  
  18  1:03  Probe  
  19  1:15  Probe  
  20  1:24  Nexus  
  20  1:33  Cybernetics Core  
  20  1:37  Probe  
  21  1:41  Assimilator  
  21  1:51  Probe  
  21  1:53  Pylon  
  22  2:03  Probe  
  23  2:09  Warp Gate, Adept (Chrono Boost)  
  23  2:15  Probe  
  26  2:25  Stargate  
  26  2:27  Probe (Chrono Boost)  
  27  2:34  Stalker  
  30  2:37  Probe (Chrono Boost)  
  30  2:40  Probe (Chrono Boost)  
  32  2:47  Probe (Chrono Boost)  
  32  2:48  Probe (Chrono Boost)  
  33  2:53  Probe x2 (Chrono Boost)  
  35  3:05  Gateway, Probe  
  35  3:06  Oracle (Chrono Boost)  
  35  3:07  Probe  
  40  3:13  Pylon  
  40  3:17  Probe  
  40  3:19  Probe  
  42  3:30  Probe  
  42  3:33  Probe  
  44  3:36  Oracle  
  47  3:45  Nexus  
  47  3:49  Probe  
  47  3:52  Probe  
  47  3:54  Assimilator x2  
  48  3:57  Pylon  
  48  3:59  Adept  
  48  4:02  Probe  
  51  4:14  Probe x2 (Chrono Boost)  
  53  4:21  Twilight Council  
  53  4:23  Forge  
  55  4:25  Probe x2 (Chrono Boost)  
  55  4:29  Probe (Chrono Boost)  
  55  4:30  Probe (Chrono Boost)  
  56  4:37  Pylon  
  57  4:40  Probe, Adept  
  57  4:42  Probe  
  61  4:49  Gateway  
  61  4:50  Gateway  
  61  4:52  Probe  
  62  4:55  Probe  
  62  4:57  Probe (Chrono Boost)  
  64  5:00  Blink (Chrono Boost)  
  64  5:02  Protoss Ground Weapons Level 1  
  64  5:04  Probe (Chrono Boost)  
  64  5:06  Shield Battery  
  65  5:09  Probe (Chrono Boost)  
  65  5:13  Probe (Chrono Boost)  
  68  5:15  Probe (Chrono Boost)  
  68  5:16  Pylon  
  68  5:17  Probe (Chrono Boost)  
  68  5:20  Probe x2 (Chrono Boost)  
  70  5:21  Pylon  
  70  5:23  Probe  
  70  5:26  Templar Archives  
  72  5:30  Probe  
  72  5:31  Probe  
  72  5:34  Stalker x2  
  78  5:38  Shield Battery  
  78  5:39  Shield Battery  
  78  5:43  Shield Battery x2  
  78  5:45  Oracle (Chrono Boost), Stalker  
  83  5:51  Stalker  
  83  5:53  Pylon  
  85  5:58  Stalker  
  85  5:59  Stalker  
  85  6:01  Shield Battery  
  85  6:04  Pylon  
  89  6:13  Stalker  
  91  6:20  Stalker  
  84  6:26  Stalker x2  
  88  6:38  Probe, Stalker  
  88  6:39  Probe  
  87  6:45  Stalker  
  80  6:49  Stalker  
  80  6:50  Stalker  
  69  6:54  Probe x2 (Chrono Boost)  
  69  7:00  Probe (Chrono Boost)  
  66  7:04  Probe (Chrono Boost)  
  66  7:05  Stalker  
  66  7:08  Gateway, Probe (Chrono Boost)  
  64  7:10  Gateway  
  64  7:11  Gateway, Stalker  
  64  7:13  Gateway  
  64  7:15  Stalker x2  
  65  7:18  Probe (Chrono Boost)  
  65  7:21  Oracle  
  69  7:26  Probe (Chrono Boost)  
  69  7:28  Probe (Chrono Boost)  
  70  7:30  Probe (Chrono Boost)  
  70  7:31  Photon Cannon  
  70  7:34  Probe x2 (Chrono Boost)  
  70  7:35  Probe (Chrono Boost)  
  73  7:40  Assimilator  
  73  7:44  Adept x2  
  73  7:45  Assimilator, Probe x2  
  73  7:46  Probe  
  73  7:50  Robotics Facility  
  80  7:57  Probe (Chrono Boost)  
  83  7:59  Pylon  
  83  8:02  Probe (Chrono Boost)  
  83  8:04  Probe (Chrono Boost)  
  83  8:07  Probe (Chrono Boost)  
  83  8:11  Probe (Chrono Boost)  
  83  8:12  Probe x2 (Chrono Boost)  
  84  8:13  Stalker x4  
  84  8:16  Psionic Storm  
  91  8:21  Probe  
  91  8:23  Probe  
  91  8:24  Stalker x3  
  99  8:35  Probe x2  
  99  8:36  Probe  
  102  8:52  Stalker x7  
  102  8:54  Probe  
  115  9:03  Observer  
  115  9:07  Nexus  
  115  9:08  High Templar  
  115  9:09  Protoss Ground Weapons Level 2 (Chrono Boost)  
  116  9:12  Pylon  
  116  9:20  High Templar x2  
  116  9:23  Pylon  
  117  9:28  Charge  
  117  9:34  Stalker  
  117  9:36  Shield Battery  
  118  9:39  High Templar  
  118  9:42  Observer  
  118  9:43  Gateway  
  118  9:45  Gateway  
  120  9:46  Pylon  
  120  9:47  Warp Prism  
  120  9:48  Observer  
  120  9:51  Observer  
  122  9:55  High Templar, Zealot x4  
  122  9:59  Pylon  
  132  10:00  Pylon  
  132  10:04  Probe x2  
  132  10:05  Probe  
  135  10:07  Observer  
  135  10:16  Probe  
  135  10:17  Probe  
  135  10:20  Probe x2  
  139  10:23  Shield Battery  
  139  10:29  Probe x2  
  139  10:32  Probe  
  142  10:41  Stalker x8  
  134  10:55  Immortal (Chrono Boost)  
  132  11:00  Oracle  
  132  11:01  Zealot x7  
  149  11:12  Archon  
  139  11:20  Zealot x3  
  139  11:24  Zealot x2  
  147  11:27  Pylon  
  147  11:28  Immortal (Chrono Boost), Pylon  
  149  11:43  Zealot  
  145  11:48  Zealot x7  
  131  12:22  Zealot x8  
Show
View Real Time Build Order
Export as new Build Order

Scarlett Zerg - Winner!

Build Orders: Hatch First, Lurkers 

Get SALT Encoding   

  12  0:00  Drone  
  13  0:12  Overlord  
  13  0:17  Drone  
  14  0:30  Drone x2  
  16  0:47  Hatchery  
  15  0:51  Drone  
  15  0:54  Drone  
  17  0:57  Drone  
  18  1:08  Extractor  
  17  1:13  Spawning Pool  
  17  1:15  Drone  
  17  1:19  Drone  
  18  1:28  Drone  
  19  1:39  Drone  
  20  1:49  Drone  
  21  1:59  Queen x2  
  21  2:00  Zergling x2, Overlord  
  26  2:09  Drone  
  26  2:11  Drone  
  28  2:17  Metabolic Boost  
  28  2:21  Drone x2  
  30  2:32  Hatchery  
  30  2:36  Zergling x2  
  30  2:41  Drone  
  30  2:43  Queen  
  33  2:48  Overlord  
  33  2:52  Drone x2  
  33  2:55  Drone  
  36  3:05  Queen  
  36  3:09  Drone x4  
  42  3:13  Overlord  
  42  3:18  Drone x2  
  44  3:29  Overlord  
  44  3:31  Queen  
  44  3:33  Drone  
  47  3:38  Drone  
  47  3:40  Drone x3  
  51  3:43  Drone  
  51  3:45  Roach Warren  
  51  3:47  Queen  
  53  3:55  Zergling x10  
  58  4:02  Overlord  
  55  4:10  Drone x6  
  55  4:16  Drone, Lair  
  62  4:20  Extractor  
  62  4:21  Drone x2  
  62  4:22  Extractor  
  62  4:27  Drone x4  
  66  4:31  Spore Crawler  
  66  4:36  Drone x3, Spore Crawler  
  67  4:40  Pneumatized Carapace  
  67  4:45  Spore Crawler  
  66  4:49  Drone x5  
  66  4:52  Overlord  
  71  4:55  Overlord  
  71  5:00  Overlord  
  71  5:03  Overlord  
  70  5:13  Roach x5  
  80  5:20  Roach x4  
  88  5:22  Roach x2  
  91  5:31  Zergling x2  
  91  5:32  Zergling x10  
  95  5:40  Overlord x2  
  95  5:45  Ravager  
  95  5:46  Zergling x12  
  95  5:47  Ravager  
  95  5:48  Overlord  
  103  5:57  Overlord  
  103  5:58  Ravager  
  103  6:03  Zergling x18  
  113  6:13  Zergling x2  
  113  6:14  Zergling x8  
  113  6:17  Ravager  
  115  6:19  Ravager  
  115  6:20  Zergling x2  
  115  6:27  Zergling x14  
  115  6:31  Zergling x2  
  107  6:35  Zergling x2, Queen x3  
  106  6:40  Roach  
  96  6:47  Roach x4  
  96  6:54  Zergling x12  
  94  7:01  Zergling x2  
  94  7:02  Zergling x4  
  92  7:09  Drone x6  
  92  7:11  Glial Reconstitution  
  89  7:19  Hatchery  
  82  7:30  Drone x7  
  82  7:34  Extractor  
  82  7:35  Extractor, Roach  
  89  7:39  Evolution Chamber  
  89  7:40  Drone x3  
  89  7:42  Queen  
  93  7:45  Drone x5  
  93  7:50  Drone x4  
  102  7:57  Roach  
  102  7:58  Roach  
  106  8:01  Extractor  
  106  8:02  Roach  
  106  8:05  Drone, Hydralisk Den  
  106  8:06  Drone x2  
  106  8:07  Infestation Pit  
  106  8:11  Drone x3  
  110  8:17  Zerg Missile Weapons Level 1, Roach x4  
  110  8:18  Roach  
  120  8:24  Queen  
  120  8:25  Overlord x2  
  122  8:32  Roach x4  
  122  8:33  Roach  
  130  8:34  Ravager x2  
  130  8:39  Ravager x4  
  130  8:40  Overlord  
  130  8:41  Overlord  
  136  8:48  Roach x4  
  139  8:56  Roach  
  139  8:57  Roach  
  139  9:02  Hive  
  139  9:04  Zergling x2  
  139  9:05  Zergling x14  
  139  9:06  Lurker Den  
  146  9:14  Zergling x4  
  146  9:16  Ravager x2  
  150  9:19  Ravager  
  150  9:21  Zergling x8  
  150  9:23  Overlord  
  155  9:24  Hatchery  
  154  9:35  Hydralisk x3  
  154  9:36  Overlord x3  
  159  9:42  Zergling x2  
  167  9:45  Roach x4  
  167  9:46  Overlord  
  167  9:52  Overseer  
  167  10:04  Hydralisk x4  
  167  10:05  Drone x7  
  180  10:08  Lurker x2  
  180  10:10  Extractor  
  180  10:11  Extractor  
  179  10:21  Drone x6  
  179  10:22  Seismic Spines  
  184  10:33  Hydralisk x4  
  188  10:44  Hydralisk x5  
  188  10:45  Zergling x4, Overseer  
  199  10:51  Zergling x2  
  199  10:54  Spine Crawler  
  195  10:58  Lurker  
  195  10:59  Lurker  
  195  11:01  Extractor, Drone  
  195  11:02  Drone x2, Spore Crawler, Extractor, Spine Crawler  
  195  11:03  Drone x3  
  195  11:12  Hydralisk x3  
  195  11:13  Zergling x2  
  195  11:17  Overlord x2  
  195  11:18  Overseer x2  
  192  11:24  Adaptive Talons  
  192  11:28  Overlord  
  192  11:30  Lurker x3  
  195  11:37  Lurker x2  
  192  11:40  Hydralisk x3  
  192  11:41  Zergling x22  
  199  11:54  Zergling x2  
  200  11:58  Evolution Chamber  
  200  12:00  Zergling x2, Hydralisk x6  
  197  12:02  Overseer x2  
  197  12:05  Lurker x3  
  177  12:17  Drone x13  
Tags
 
Add a new tag
Caveats
  • Supply blocks, unpowered buildings, or Contaminate may cause inaccurate times.
  • Supply counts are checked every 10 seconds.